 Dungeon Crawl Stone Soup version 0.21.1-1-g345015f (webtiles) character file.

1084 Mirai the Thaumaturge (level 8, 0/41 HPs)
             Began as a Deep Elf Conjurer on Apr 1, 2018.
             Was an Initiate of Vehumet.
             Slain by Kairos's ghost (13 damage)
             ... on level 4 of the Dungeon.
             The game lasted 00:12:50 (4603 turns).

Mirai the Thaumaturge (Deep Elf Conjurer)           Turns: 4603, Time: 00:12:51

Health: 0/41       AC:  4    Str:  5    XL:     8   Next: 8%
Magic:  13/32      EV: 13    Int: 23    God:    Vehumet [......]
Gold:   238        SH:  0    Dex: 15    Spells: 15/26 levels left

rFire    . . .     SeeInvis .   u - +0 dagger (speed)
rCold    . . .     Gourm    .   (no shield)
rNeg     . . .     Faith    .   a - +0 robe
rPois    .         Spirit   .   e - +0 helmet
rElec    .         Reflect  .   (no cloak)
rCorr    .         Harm     .   q - +0 pair of gloves
MR       .....                  (no boots)
Stlth    ++........             (no amulet)
HPRegen  0.13/turn              d - ring of wizardry
MPRegen  0.23/turn              r - ring of magical power

@: no status effects
A: no striking features
a: Renounce Religion


You were on level 4 of the Dungeon.
You worshipped Vehumet.
Vehumet was noncommittal.
You were not hungry.

You visited 2 branches of the dungeon, and saw 8 of its levels.

You collected 238 gold pieces.

Inventory:

Hand Weapons
 u - a +0 dagger of speed (weapon)
Armour
 a - a +0 robe (worn)
 e - a +0 helmet (worn)
 q - a +0 pair of gloves (worn)
Jewellery
 d - a ring of wizardry (left hand)
 k - an uncursed ring of protection from fire
 p - an uncursed ring of fire
 r - a ring of magical power (right hand)
Scrolls
 g - 9 scrolls of identify
 h - 4 scrolls of teleportation
 i - 3 scrolls of amnesia
 j - 2 scrolls of remove curse
 n - a scroll of enchant weapon {unknown}
Potions
 f - 2 potions of flight
 m - 2 potions of heal wounds
 o - 2 potions of might
 t - 2 potions of brilliance {unknown}
 v - a potion of mutation {unknown}
 w - 2 potions of lignification {unknown}
Books
 b - a book of Conjurations

   Spells                             Type                      Level
   a - Magic Dart                     Conjuration                  1
   b - Searing Ray                    Conjuration                  2
   c - Dazzling Spray                 Conjuration/Hexes            3
   d - Fulminant Prism                Conjuration/Hexes            4
   e - Force Lance                    Conjuration/Translocation    4
   f - Iskenderun's Mystic Blast      Conjuration                  4
Comestibles
 c - 6 rations
 l - 8 chunks of flesh


   Skills:
 - Level 2.4 Dodging
 - Level 2.4 Stealth
 + Level 9.6 Spellcasting
 + Level 6.6 Conjurations
 + Level 5.7 Hexes


You had 15 spell levels left.
You knew the following spells:

 Your Spells              Type           Power        Failure   Level  Hunger
a - Magic Dart            Conj           ####         1%          1    None
b - Searing Ray           Conj           #####.       1%          2    None
c - Iskenderun's Mystic   Conj           #####...     1%          4    ##.....
d - Fulminant Prism       Conj/Hex       #####.....   1%          4    ##.....


Dungeon Overview and Level Annotations

Branches:
Dungeon (7/15)             Temple (1/1) D:5

Altars:
Ashenzari
Cheibriados
Dithmenos
Elyvilon
Gozag
Hepliaklqana
Kikubaaqudgha
Makhleb
Nemelex Xobeh
Okawaru
Sif Muna
Uskayaw
Vehumet
Xom
Yredelemnul
Zin
The Shining One

Annotations:
D:4 Kairos's ghost, novice HuFi


Message History

Press: ? - help, Shift-Dir - straight line, f/p - Kairos's ghost
Aim: Kairos's ghost (heavily damaged)
The searing ray hits Kairos's ghost.
Kairos's ghost is severely damaged. (Press . to maintain the ray.) Kairos's ghost whispers, "Meet the emptiness of death!"
Kairos's ghost completely misses you.
The searing ray hits Kairos's ghost.
Kairos's ghost is severely damaged.
Kairos's ghost completely misses you.
The searing ray hits Kairos's ghost.
Kairos's ghost is severely damaged.
Kairos's ghost misses you.
The searing ray hits Kairos's ghost.
Kairos's ghost is almost destroyed.
You finish channeling your searing ray.
Kairos's ghost hits you!
* * * LOW HITPOINT WARNING * * *
Unknown command.
You feel much better. Kairos's ghost hits you!
You die...

###....## #...# ## #..##
##### .### ##..# ...# ##.#
...#####)## #.))......###
###...).))..##############
######.#..)......#.....##
#.##....W@.........##
###.##................#
......................#
####..................#
......................#
...#..................#
####..................#
#..............[..##
###........#.....##


You could see Kairos's ghost.

Vanquished Creatures
  The ghost of Verendum the Shield-Bearer, an amateur OpFi (D:3)
  A water moccasin (D:7)
  An ogre (D:4)
  A phantom (D:3)
  A bullfrog (D:5)
  2 howler monkeys (D:7)
  A jelly (D:7)
  An orc wizard (D:7)
  2 orc priests (D:3)
  A hound (D:7)
  A bullfrog skeleton (D:7)
  Natasha (D:2)
  3 worker ants (D:7)
  2 hound skeletons
  Robin (D:4)
  3 gnolls
  6 adders
  2 shadow imps (D:7)
  An ooze (D:4)
  A worm (D:3)
  A dart slug (D:1)
  3 leopard geckos
  5 orcs
  3 bats
  4 giant cockroaches
  16 goblins
  7 hobgoblins
  A quokka (D:3)
  A frilled lizard (D:1)
  6 kobolds
  A quokka zombie (D:7)
  4 rats
85 creatures vanquished.

Notes
Turn   | Place    | Note
-------+----------+-------------------------------------------
     0 | D:1      | Mirai the Deep Elf Conjurer began the quest for the Orb.
     0 | D:1      | Reached XP level 1. HP: 10/10 MP: 6/6
     5 | D:1      | Noticed a merfolk zombie
     8 | D:1      | Noticed a minotaur zombie
    10 | D:1      | Noticed a merfolk zombie
    18 | D:1      | Noticed a minotaur zombie
   492 | D:1      | Reached skill level 4 in Spellcasting
   492 | D:1      | Reached XP level 2. HP: 15/15 MP: 3/9
   589 | D:1      | Learned a level 2 spell: Searing Ray
  1245 | D:2      | Noticed Natasha
  1251 | D:2      | Killed Natasha
  1251 | D:2      | Reached skill level 5 in Spellcasting
  1251 | D:2      | Reached XP level 3. HP: 19/19 MP: 1/11
  1505 | D:2      | Found a glowing silver altar of Zin.
  1505 | D:2      | Noticed an angel
  1665 | D:3      | Noticed Verendum's ghost (amateur OpFi)
  1666 | D:3      | Noticed a phantom
  1887 | D:3      | Reached XP level 4. HP: 16/24 MP: 2/13
  2004 | D:2      | Learned a level 4 spell: Iskenderun's Mystic Blast
  2009 | D:2      | Learned a level 4 spell: Fulminant Prism
  2013 | D:3      | Reached skill level 6 in Spellcasting
  2183 | D:3      | Killed a phantom
  2183 | D:3      | Reached skill level 7 in Spellcasting
  2183 | D:3      | Reached XP level 5. HP: 28/28 MP: 1/16
  2348 | D:3      | Reached skill level 1 in Hexes
  2360 | D:3      | Killed Verendum's ghost
  2360 | D:3      | Reached skill level 8 in Spellcasting
  2360 | D:3      | Reached skill level 5 in Conjurations
  2360 | D:3      | Reached XP level 6. HP: 12/32 MP: 5/19
  3168 | D:4      | You fall through a shaft for 3 floors!
  3191 | D:7      | Found a snail-covered altar of Cheibriados.
  3193 | D:7      | Found an ancient bone altar of Kikubaaqudgha.
  3222 | D:7      | Found a hazy altar of Hepliaklqana.
  3325 | D:7      | Found a shattered altar of Ashenzari.
  3331 | D:7      | Reached XP level 7. HP: 31/36 MP: 16/21
  3870 | D:7      | Reached skill level 9 in Spellcasting
  3989 | D:7      | Reached skill level 5 in Hexes
  4051 | D:5      | Entered Level 5 of the Dungeon
  4052 | D:5      | Found a staircase to the Ecumenical Temple.
  4127 | Temple   | Entered the Ecumenical Temple
  4158 | Temple   | Became a worshipper of Vehumet
  4307 | D:4      | Noticed Robin
  4310 | D:4      | Killed Robin
  4411 | D:4      | Noticed Kairos's ghost (novice HuFi)
  4420 | D:4      | Reached XP level 8. HP: 22/41 MP: 22/23
  4602 | D:4      | HP: 1/41 [Kairos's ghost (16)]
  4603 | D:4      | Slain by Kairos's ghost

Skill      XL: |  1  2  3  4  5  6  7 |
---------------+----------------------+-----
Spellcasting   | 4 5 7 8 9 |  9.6
Hexes          | 2 3 5 |  5.7
Conjurations   | 5 6 |  6.6
Dodging        | |  2.4
Stealth        | |  2.4

Action                   |  1- 3 |  4- 6 |  7- 9 || total
-------------------------+-------+-------+-------++-------
Melee: Unarmed           |     2 |       |       ||     2
       Dagger            |       |    17 |    11 ||    28
 Cast: Magic Dart        |    55 |    45 |    38 ||   138
       Searing Ray       |     6 |    15 |    20 ||    41
       Iskenderun's Myst |       |     3 |    10 ||    13
  Use: Potion            |       |     4 |     7 ||    11
       Scroll            |       |     6 |     2 ||     8
  Eat: Chunk             |     3 |     4 |     5 ||    12
Armor: Robe              |     1 |     3 |     5 ||     9
Dodge: Dodged            |    15 |    25 |    40 ||    80
